 Dungeon Crawl Stone Soup version 0.28-a0-863-g8cecda6153 (webtiles) character file.

Game seed: 3231530404142488157

632 kae the Insei (level 7, -13/53 (56) HPs)
             Began as a Green Draconian Transmuter on Nov 19, 2021.
             Mangled by Duvessa (17 damage)
             ... on level 5 of the Dungeon.
             The game lasted 00:04:04 (5030 turns).

kae the Insei (Green Draconian Transmuter)          Turns: 5030, Time: 00:04:04

HP:   -13/53 (56)   AC:  2    Str: 12    XL:     7   Next: 24%
MP:   4/11          EV: 20    Int: 15    God:
Gold: 90            SH:  0    Dex: 17    Spells: 4/12 levels left

rFire   . . .      SeeInvis +     - Unarmed
rCold   . . .      Faith    .   (shield currently unavailable)
rNeg    . . .      Spirit   .   (armour unavailable)
rPois   x          Reflect  .   (helmet currently unavailable)
rElec   .          Harm     .   (cloak currently unavailable)
rCorr   .          Rampage  .   (gloves currently unavailable)
Will    .....                   (boots currently unavailable)
Stlth   ++........              (no amulet)
HPRegen 0.17/turn               c - ring of wizardry
MPRegen 0.12/turn               e - ring of see invisible

@: spider-form, very slightly contaminated, drained
A: venomous fangs, (breathe noxious fumes), AC +6, tiny, unfitting armour,
(poison resistance), (cold-blooded)
a: End Transformation


You were on level 5 of the Dungeon.
You were a venomous arachnid creature.
You visited 1 branch of the dungeon, and saw 5 of its levels.

You collected 234 gold pieces.
You spent 144 gold pieces at shops.

Inventory:

Armour
 f - a +2 pair of boots (melded)
 g - a +0 cloak (melded)
Jewellery
 b - an amulet of faith
 c - a ring of wizardry (left front leg)
 e - a ring of see invisible (right front leg)
Wands
 j - a wand of charming (6)
Scrolls
 d - a scroll of amnesia
 k - a scroll of fear {unknown}
Potions
 a - 2 potions of flight
 h - a potion of mutation
 i - a potion of cancellation


   Skills:
 + Level 2.8 Fighting
 + Level 2.9 Dodging
 * Level 4.7 Unarmed Combat
 + Level 3.0 Spellcasting
 * Level 4.3 Transmutations
 * Level 2.2 Ice Magic
 - Level 2.4 Poison Magic


You had 4 spell levels left.
You knew the following spells:

 Your Spells              Type           Power      Damage    Failure   Level
a - Beastly Appendage     Tmut           30%        N/A       4%          1
b - Spider Form           Tmut/Pois      12%        N/A       14%         3
c - Ice Form              Ice/Tmut       12%        N/A       34%         4

Your spell library contained the following spells:

 Spells                   Type           Power      Damage    Failure   Level
 Wereblood                Tmut           15%        N/A       6%          2
 Stone Arrow              Conj/Erth      4%         3d7       38%         3
 Fulminant Prism          Conj/Hex       1%         3d6       73%         4
 Iskenderun's Mystic Bla  Conj/Tloc      2%         2d3       73%         4
 Lee's Rapid Deconstruct  Erth           1%         3d5*      95%         5
 Summon Forest            Summ/Tloc      1%         N/A       95%         5
 Summon Mana Viper        Hex/Summ       2%         N/A       95%         5
 Summon Cactus Giant      Summ           1%         N/A       100%        6
 Lehudib's Crystal Spear  Conj/Erth      1%         10d2      100%        8
 Animate Armour           Summ/Erth      Unusable   N/A       N/A         4

Dungeon Overview and Level Annotations

Branches:
Dungeon (5/15)
 Temple: D:4-7

Altars:
Dithmenos
Elyvilon
Fedhas
Hepliaklqana
Nemelex Xobeh
Qazlal

Shops:
D:4 *

Annotations:
D:5 Duvessa, Eustachio


Innate Abilities, Weirdness & Mutations

You are a venomous arachnid creature.
You have poisonous fangs.
You are tiny and dextrous.
Your spellcasting is less reliable in this form.
Your armour is entirely melded.
You are incapable of wielding weapons or throwing items.
((You can breathe blasts of noxious fumes.))
((Your lurid green scales are hard. (AC +6)))
You cannot fit into any form of body armour.
((Your system is resistant to poisons. (rPois)))
((You are cold-blooded and may be slowed by cold attacks.))


Message History

Your orc wizard is poisoned.
The orc wizard is no longer charmed.
The orc wizard barely misses you.
Duvessa, Sister of Dowan comes into view.
She is wielding a +2 short sword of draining and carrying a wand of flame (22).
You barely miss the orc wizard.
Duvessa goes berserk!
The orc wizard closely misses you.
You hit the orc wizard.
The orc wizard looks as sick as possible!
The orc wizard is lightly wounded.
The orc wizard closely misses you.
You bite the orc wizard!
The orc wizard looks as sick as possible!
The orc wizard is heavily wounded.
You hear the quick rusting of a very distant drain.
Duvessa rages.
The orc wizard closely misses you.
You bite the orc wizard!
You kill the orc wizard!
Your transformation has ended.
Your +0 cloak unmelds from your body.
Your +2 pair of boots unmelds from your body.
Duvessa hits you with a +2 short sword of draining.
* * * LOW HITPOINT WARNING * * *
You feel drained.
* * * LOW HITPOINT WARNING * * *
You barely miss Duvessa. You punch Duvessa.
Duvessa is lightly wounded.
Duvessa hits you but does no damage.
You feel drained.
Casting: Spider Form (dangerous; 6% risk of failure)
Confirm with . or Enter, or press ? or * to list all spells.
You miscast Spider Form.
You are very lightly contaminated with residual magic.
Nothing appears to happen.
Duvessa misses you.
Casting: Spider Form (dangerous; 6% risk of failure)
Confirm with . or Enter, or press ? or * to list all spells.
You turn into a venomous arachnid creature.
Your +0 cloak melds into your body.
Your +2 pair of boots melds into your body.
Duvessa barely misses you.
Duvessa hits you with a +2 short sword of draining!
You die...

#####......(...[.#
#...# #..........###
#...# #............##
#...# #.........##..##
##...#########..##....#
...........##...#._...#
##...#####.##...##....#
#...#####......e##..##
#...##.....##..s)).##
#######.....##....####
............##.....).#
######...........####
#>....##....#
########....# #....#
#....# ######


You could see Duvessa (berserk).

Vanquished Creatures
  2 ogres
  A scorpion (D:5)
  Dowan (D:5)
  A hound (D:3)
  Crazy Yiuf (D:2)
  An orc priest (D:5)
  Jessica (D:2)
  2 iguanas (D:5)
  An orc wizard (D:5)
  3 gnolls (D:2)
  A howler monkey zombie (D:5)
  7 adders
  A dart slug (D:4)
  4 orcs
  6 bats
  4 endoplasms
  4 giant cockroaches
  3 goblins (D:3)
  6 hobgoblins
  7 jackals (D:4)
  5 kobolds (D:2)
  4 quokkas
  7 ball pythons
  A frilled lizard (D:2)
  5 rats
79 creatures vanquished.

Notes
Turn   | Place    | Note
-------+----------+-------------------------------------------
     0 | D:1      | kae the Draconian Transmuter began the quest for the Orb.
     0 | D:1      | Reached XP level 1. HP: 16/16 MP: 3/3
   118 | D:1      | Reached XP level 2. HP: 16/23 MP: 5/5
   771 | D:2      | Noticed Jessica
   774 | D:2      | Noticed a great orb of eyes
   775 | D:2      | Found a faded altar of an unknown god.
   795 | D:2      | Reached XP level 3. HP: 8/25 MP: 6/6
   797 | D:2      | Killed Jessica
   833 | D:2      | HP: 1/43 [gnoll (3)]
  1149 | D:1      | Learned a level 3 spell: Spider Form
  1158 | D:2      | Reached XP level 4. HP: 36/36 MP: 4/7
  1198 | D:2      | Noticed a floating eye
  1198 | D:2      | Noticed an eye of devastation
  1198 | D:2      | Noticed a great orb of eyes
  1387 | D:2      | Found a runed translucent door.
  1388 | D:2      | Noticed Crazy Yiuf
  1507 | D:2      | Found a white marble altar of Elyvilon.
  2198 | D:2      | Killed Crazy Yiuf
  2199 | D:2      | Reached skill level 1 in Poison Magic
  2380 | D:3      | Reached XP level 5. HP: 39/41 MP: 8/8
  3508 | D:4      | Found a stormy altar of Qazlal.
  3515 | D:4      | Found a blossoming altar of Fedhas.
  3638 | D:4      | Learned a level 4 spell: Ice Form
  3649 | D:4      | Found a sparkling altar of Nemelex Xobeh.
  3816 | D:4      | Found a hazy altar of Hepliaklqana.
  4080 | D:4      | Noticed an ogre
  4088 | D:4      | Killed an ogre
  4089 | D:4      | Reached XP level 6. HP: 45/49 MP: 5/10
  4275 | D:4      | Found Bephowyz's Assorted Antiques.
  4284 | D:4      | Bought a scroll of identify for 48 gold pieces
  4284 | D:4      | Bought a scroll of identify for 48 gold pieces
  4284 | D:4      | Bought a scroll of identify for 48 gold pieces
  4515 | D:5      | Entered Level 5 of the Dungeon
  4515 | D:5      | Noticed Eustachio
  4581 | D:5      | Reached skill level 1 in Ice Magic
  4879 | D:5      | Found a shadowy altar of Dithmenos.
  4931 | D:5      | Noticed Dowan
  4959 | D:5      | Your scales start taking on a lurid green colour.
  4959 | D:5      | Reached XP level 7. HP: 20/56 MP: 11/11
  4959 | D:5      | Gained mutation: Your system is resistant to poisons.
                  | (rPois) [Green Draconian growth]
  4962 | D:5      | Killed Dowan
  5022 | D:5      | Noticed Duvessa
  5030 | D:5      | Mangled by Duvessa

Illustrated notes

Levels and vault maps discovered:
D:1:      matt_arrival_los_fun, layout_rooms
D:2:      layout_basic, basic_altar, hellmonk_ecumenical_altar_watching_god,
          uniq_jessica, uniq_crazy_yiuf_cottage
D:3:      layout_loops_corners
D:4:      layout_basic, grunt_temple_overflow_forces_of_nature, kennysheep_mini,
          mainiacjoe_overflow_small_starburst, serial_shops, shop
D:5:      layout_rooms, old_standard_altar,
          nicolae_dithmenos_through_a_glass_darkly, temple_green,
          portal_sewer_entry_e, uniq_grinder, uniq_duvessa, uniq_eustachio

Skill      XL: |  1  2  3  4  5  6  7 |
---------------+----------------------+-----
Dodging        | 2 |  2.9
Transmutations | 3 4 |  4.3
Fighting       | 2 |  2.8
Poison Magic   | 1 2 |  2.4
Unarmed Combat | 4 |  4.7
Ice Magic      | 1 2 |  2.2
Spellcasting   | 3 |  3.0

Action                   |  1- 3 |  4- 6 |  7- 9 || total
-------------------------+-------+-------+-------++-------
Melee: Unarmed           |    56 |   170 |    15 ||   241
       Kick              |     5 |    11 |       ||    16
       Tailslap          |     3 |    12 |       ||    15
       Headbutt          |     1 |    10 |       ||    11
       Punch             |       |       |     1 ||     1
 Cast: Beastly Appendage |     6 |    22 |       ||    28
       Spider Form       |     1 |    12 |     2 ||    15
Evoke: Wand              |       |       |     2 ||     2
  Use: Scroll            |     3 |     6 |       ||     9
       Potion            |     2 |     2 |       ||     4
 Stab: Betrayed ally     |       |       |     1 ||     1
Armor: Skin              |    58 |    51 |     4 ||   113
Dodge: Dodged            |    53 |   157 |     8 ||   218

Table legend: (Time is in decaauts)
 A = Elapsed time spent in this place.
 B = Non-inter-level travel time spent in this place.
 C = Inter-level travel time spent in this place.
 D = Time resting spent in this place.
 E = Time spent auto-exploring this place.
 F = Levels seen in this place.
 G = Mean time per level.
                   A        B        C        D        E       F      G
               +--------+--------+--------+--------+--------+-----+--------+
         Total |   5015 |   4844 |    171 |    162 |   3902 |   5 | 1003.0 |
       Dungeon |   5015 |   4844 |    171 |    162 |   3902 |   5 | 1003.0 |
               +--------+--------+--------+--------+--------+-----+--------+

Top non-repeatable levels by time:
     D:2: 1303 daAuts
     D:3: 1143 daAuts
     D:4: 1052 daAuts
     D:1: 1047 daAuts
     D:5: 468 daAuts
